 Dungeon Crawl Stone Soup version 0.30.0-10-gfe55d96785 (webtiles) character file.

Game seed: 6276046357731468917

586 Adrian566 the Chopper (level 7, -10/60 HPs)
             Began as a Hill Orc Fighter on May 14, 2023.
             Was a Follower of Beogh.
             Blown up by Ijyb (15 damage)
             ... with a mindburst bolt
             ... on level 4 of the Dungeon.
             The game lasted 00:04:07 (3818 turns).

Adrian566 the Chopper (Hill Orc Fighter)            Turns: 3818, Time: 00:04:08

Health: -10/60     AC: 12    Str: 21    XL:     7   Next: 37%
Magic:  7/7        EV: 10    Int:  8    God:    Beogh [*.....]
Gold:   243        SH:  4    Dex: 10    Spells: 6/6 levels left

rFire   . . .        a - +0 war axe
rCold   . . .        c - +0 buckler
rNeg    . . .        b - +0 scale mail
rPois   .            (no helmet)
rElec   .            g - +1 cloak
rCorr   .            (no gloves)
SInv    .            j - +2 pair of boots {Stlth+}
Will    .....        (no amulet)
Stlth   +            (no ring)
HPRegen 0.30/turn    (no ring)
MPRegen 0.10/turn

%: no passive effects
@: no status effects
A: no striking features
a: Renounce Religion


You were on level 4 of the Dungeon.
You worshipped Beogh.
Beogh was aware of your devotion.
You visited 1 branch of the dungeon, and saw 5 of its levels.

You collected 243 gold pieces.

Inventory:

Hand Weapons
 a - a +0 war axe (weapon)
Missiles
 h - 2 throwing nets (quivered)
Armour
 b - a +0 scale mail (worn)
 c - a +0 buckler (worn)
 g - a +1 cloak (worn)
 j - a +2 pair of boots of stealth (worn)
Jewellery
 l - a ring of magical power
Wands
 e - a wand of quicksilver (6)
Scrolls
 f - a scroll of enchant armour
Potions
 n - 2 potions of mutation
 q - a potion of degeneration
 r - a potion of attraction


   Skills:
 + Level 4.7 Fighting
 + Level 7.0 Axes
 + Level 5.2 Armour
 + Level 1.6 Dodging
 + Level 0.7 Stealth
 + Level 4.1 Shields


You had 6 spell levels left.
You didn't know any spells.
Your spell library contained the following spells:

 Spells                   Type           Power      Damage    Failure   Level
 Sting                    Tmut/Pois      0%         1d3       80%         1


Dungeon Overview and Level Annotations

Branches:
Dungeon (5/15)
 Temple: D:4-7

Altars:
Elyvilon
Nemelex Xobeh
Sif Muna
Trog

Annotations:
D:4 Ijyb


Message History

Ijyb is heavily wounded.
Ijyb hits you with a +0 dagger.
* * * LOW HITPOINT WARNING * * *
You completely miss Ijyb.
Ijyb is heavily wounded.
Ijyb zaps a wand.
Your mind is blasted!
* * * LOW HITPOINT WARNING * * *
Unknown command.
Okay, then.
Okay, then.
You closely miss Ijyb.
Ijyb is heavily wounded.
Ijyb barely misses you.
You hit Ijyb but do no damage.
Ijyb is heavily wounded.
Ijyb hits you but does no damage.
You hit Ijyb.
Ijyb is heavily wounded.
Ijyb hits you but does no damage. Ijyb hits you with a +0 dagger.
* * * LOW HITPOINT WARNING * * *
You barely miss Ijyb.
Ijyb is heavily wounded.
Ijyb hits you with a +0 dagger.
* * * LOW HITPOINT WARNING * * *
You barely miss Ijyb.
Ijyb is heavily wounded.
Ijyb barely misses you.
You closely miss Ijyb.
Ijyb is heavily wounded.
Ijyb hits you but does no damage.
You slash Ijyb!
Ijyb is almost dead.
Ijyb completely misses you.
You barely miss Ijyb.
Ijyb is almost dead.
Ijyb hits you but does no damage. You block Ijyb's attack.
You hit Ijyb.
Ijyb is almost dead.
Ijyb zaps a wand.
Your mind is blasted!
You die...

##### ### ###...##
#.## ###......##
#..# #.........#
#..# #........##
##.## #.........#
#..# #....##...#
###..###...####.@##
......###### #..g##
......## #....##
.....#.##
###.....##
..####.>##
#........## .##
##..## #.........#
.#
##..###.........#
.# ##..##.........#
##
####...........##


You could see Ijyb.

Vanquished Creatures
  A water moccasin (D:5)
  A black bear (D:4)
  A scorpion (D:5)
  An orc priest (D:5)
  3 hounds
  A jelly (D:4)
  2 gnolls
  5 adders
  A shadow imp (D:5)
  2 white imps
  An ufetubus (D:3)
  A worm (D:3)
  A dart slug (D:2)
  6 orcs
  5 ball pythons
  9 bats
  6 endoplasms
  5 giant cockroaches
  6 goblins
  2 hobgoblins
  9 kobolds
  4 quokkas
  3 frilled lizards
  7 rats
83 creatures vanquished.

Notes
Turn   | Place    | Note
-------+----------+-------------------------------------------
     0 | D:1      | Adrian566 the Hill Orc Fighter began the quest for the Orb.
     0 | D:1      | Reached XP level 1. HP: 19/19 MP: 1/1
   173 | D:1      | Reached skill level 3 in Axes
   173 | D:1      | Reached XP level 2. HP: 19/27 MP: 2/2
   333 | D:1      | Reached XP level 3. HP: 32/33 MP: 3/3
   668 | D:2      | Reached XP level 4. HP: 40/40 MP: 4/4
  1248 | D:3      | Became a worshipper of Beogh the Brigand
  1375 | D:3      | Found a bloodstained altar of Trog.
  1379 | D:3      | Reached skill level 4 in Axes
  1391 | D:3      | Found a shimmering blue altar of Sif Muna.
  1573 | D:3      | Got Sif Muna's Volume of Putrescence
  1698 | D:3      | Found a white marble altar of Elyvilon.
  1710 | D:3      | Reached XP level 5. HP: 46/46 MP: 5/5
  1753 | D:3      | Reached * piety under Beogh
  1994 | D:4      | Noticed a black bear
  2008 | D:4      | Killed a black bear
  2009 | D:4      | Reached skill level 5 in Axes
  2009 | D:4      | Reached skill level 1 in Dodging
  2180 | D:4      | Found a sparkling altar of Nemelex Xobeh.
  2214 | D:4      | Reached XP level 6. HP: 51/53 MP: 6/6
  3180 | D:5      | Entered Level 5 of the Dungeon
  3180 | D:5      | Noticed a water moccasin
  3197 | D:5      | Killed a water moccasin
  3198 | D:5      | Reached skill level 6 in Axes
  3198 | D:5      | Reached skill level 5 in Armour
  3198 | D:5      | Reached XP level 7. HP: 31/60 MP: 7/7
  3663 | D:5      | Noticed Ijyb
  3799 | D:5      | Reached skill level 7 in Axes
  3801 | D:5      | HP: 3/60 [disintegration (18)]
  3813 | D:4      | HP: 3/60 [Ijyb/+0 dagger (5)]
  3818 | D:4      | Blown up by Ijyb

Illustrated notes

Levels and vault maps discovered:
D:1:      nzn_arrival_crosshair, layout_basic, minmay_strange_pillars
D:2:      layout_loops_cross, nicolae_titane
D:3:      layout_basic, nzn_overflow_gifts_of_might_and_magic, elyvilon_altar_5
D:4:      layout_cave_pods, nemelex_xobeh_ov_fountains_minmay, serial_glass,
          glass_columns_a, glass_columns_a, due_unseen_surprise,
          minmay_strange_pillars, item_on_display_a, item_on_display_a
D:5:      layout_layer_cave, uniq_ijyb

Skill      XL: |  1  2  3  4  5  6  7 |
---------------+----------------------+-----
Axes           | 3 4 5 6 7 |  7.0
Fighting       | 4 |  4.7
Armour         | 4 5 |  5.2
Dodging        | 1 |  1.6
Shields        | 4 |  4.1
Stealth        | |  0.7

Action                     |  1- 3 |  4- 6 |  7- 9 || total
---------------------------+-------+-------+-------++-------
  Melee: War axe           |    87 |   149 |    53 ||   289
 Invoke: Convert to Beogh  |       |     1 |       ||     1
    Use: Scroll            |       |    13 |     1 ||    14
         Potion            |       |     1 |     1 ||     2
 Armour: Scale mail        |    49 |    93 |    36 ||   178
  Dodge: Dodged            |    48 |    61 |    18 ||   127
  Block: Buckler           |    21 |    48 |     8 ||    77
